 Dungeon Crawl Stone Soup version 0.27.0-1-g7a089689b8 (webtiles) character file.

Game seed: 2669334004254249515

114584 Lochraine the Unseen (level 16, -19/90 HPs)
             Began as a Vine Stalker Gladiator on Aug 7, 2021.
             Was a High Priest of Wu Jian.
             Demolished by Saint Roka (38 damage)
             ... on level 2 of the Orcish Mines.
             The game lasted 01:32:12 (21436 turns).

Lochraine the Unseen (Vine Stalker Gladiator)      Turns: 21436, Time: 01:32:13

Health: -19/90     AC: 20    Str: 18    XL:     16   Next: 66%
Magic:  0/17       EV: 39    Int:  9    God:    Wu Jian [*****.]
Gold:   2693       SH:  9    Dex: 33    Spells: 15/15 levels left

rFire    + + .     SeeInvis .   a - +8 falchion of Distraction {vorpal, rPois rF+ Will- Dex+9}
rCold    . . .     Faith    .   J - +2 buckler
rNeg     . . .     Spirit   +   S - +3 ring mail {rF+}
rPois    +         Reflect  .   c - +1 helmet
rElec    .         Harm     .   y - +2 cloak {Stlth+}
rCorr    +         Rampage  .   (no gloves)
Will     +....                  Y - +0 pair of boots
Stlth    +++.......             L - amulet of magic regeneration
HPRegen  1.25/turn              n - +4 ring of protection
MPRegen  0.40/turn              A - ring of the Octopus King {rCorr AC+1 EV+1 Str+1 Int+1 Dex+1}

@: in a heavenly storm, glowing
A: fangs 3, regeneration 1, magic shield, antimagic bite, no potion heal 2
a: Renounce Religion, Wall Jump, Serpent's Lash, Heavenly Storm


You were on level 2 of the Orcish Mines.
You worshipped Wu Jian.
Wu Jian was extremely pleased with you.
You visited 4 branches of the dungeon, and saw 24 of its levels.
You also visited: Bailey and Volcano.

You collected 2892 gold pieces.
You spent 199 gold pieces at shops.

Inventory:

Hand Weapons
 a - the +8 falchion of Distraction (weapon) {vorpal, rPois rF+ Will- Dex+9}
   (You found it on level 6 of the Dungeon)

   It inflicts extra damage upon your enemies.
   Dex:       It affects your dexterity (+9).
   rF:        It protects you from fire.
   rPois:     It protects you from poison.
   Will:      It decreases your willpower.
 b - a +4 short sword of electrocution
Missiles
 d - 11 throwing nets (quivered)
Armour
 c - a +1 helmet (worn)
 y - a +2 cloak of stealth (worn)
 C - a +2 leather armour of cold resistance
 J - a +2 buckler (worn)
 S - a +3 ring mail of fire resistance (worn)
 Y - a +0 pair of boots (worn)
Jewellery
 n - a +4 ring of protection (left hand)
 r - a ring of flight
 A - a ring of the Octopus King (right hand) {rCorr AC+1 EV+1 Str+1 Int+1 Dex+1}
   (You found it on level 15 of the Dungeon)

   [ring of resist corrosion]

   AC:        It affects your AC (+1).
   EV:        It affects your evasion (+1).
   Str:       It affects your strength (+1).
   Int:       It affects your intelligence (+1).
   Dex:       It affects your dexterity (+1).
   rCorr:     It protects you from acid and corrosion.
 E - the ring "Disyliemum" {rElec rN+}
   (You acquired it on level 13 of the Dungeon)

   [ring of positive energy]

   rElec:     It insulates you from electricity.
   rN:        It protects you from negative energy.
 L - an amulet of magic regeneration (around neck)
 M - a ring of protection from fire
 N - a ring of willpower
 O - the ring of Usum {Ice rN+}
   (You found it on level 13 of the Dungeon)

   [ring of ice]

   It enhances your ice magic.
   rF:        It makes you vulnerable to fire.
   rC:        It protects you from cold.
   rN:        It protects you from negative energy.
 X - the ring "Huledui" {rC+ Str+2}
   (You took it off a necromancer on level 6 of the Lair of Beasts)

   [ring of protection from cold]

   Str:       It affects your strength (+2).
   rC:        It protects you from cold.
Wands
 B - a wand of paralysis (34)
 G - a wand of flame (65)
 H - a wand of mindburst (9)
 P - a wand of iceblast (44)
 U - a wand of charming (9)
 W - a wand of polymorph (15)
Scrolls
 e - 8 scrolls of enchant armour
 f - 12 scrolls of teleportation
 g - 3 scrolls of identify
 h - 5 scrolls of amnesia
 i - 4 scrolls of blinking
 k - a scroll of fear
 m - 5 scrolls of magic mapping
 q - 3 scrolls of fog
 v - 3 scrolls of immolation
 F - 2 scrolls of enchant weapon
 V - 2 scrolls of brand weapon
 Z - a scroll of vulnerability
Potions
 l - 3 potions of ambrosia
 p - 9 potions of curing
 s - 3 potions of brilliance
 t - a potion of might
 u - 3 potions of mutation
 w - 3 potions of resistance
 x - 5 potions of haste
 z - 6 potions of flight
 D - 3 potions of magic
 I - a potion of invisibility
 Q - 3 potions of cancellation
Miscellaneous
 j - a phial of floods
 o - a phantom mirror (inert)
 K - a tin of tremorstones (2/2)
 R - a piece from Xom's chessboard (15/15)
 T - a box of beasts


   Skills:
 + Level 12.4 Fighting
 + Level 12.6 Long Blades
 - Level 1.7 Throwing
 * Level 4.7 Armour
 + Level 11.6 Dodging
 - Level 15.7 Stealth
 - Level 4.0 Shields
 - Level 10.4 Evocations


You had 15 spell levels left.
You didn't know any spells.
Your spell library contained the following spells:

 Spells                   Type           Power      Damage    Failure   Level
 Corona                   Hex            0%         N/A       56%         1
 Magic Dart               Conj           0%         1d3       56%         1
 Summon Small Mammal      Summ           0%         N/A       56%         1
 Blink                    Tloc           N/A        N/A       71%         2
 Ensorcelled Hibernation  Hex/Ice        0%         N/A       71%         2
 Passwall                 Tmut/Erth      0%         N/A       71%         2
 Searing Ray              Conj           0%         3d3       71%         2
 Slow                     Hex            0%         N/A       71%         2
 Call Canine Familiar     Summ           0%         N/A       90%         3
 Confusing Touch          Hex            0%         N/A       90%         3
 Dazzling Flash           Conj/Hex       0%         N/A       90%         3
 Frozen Ramparts          Ice            0%         1d2       90%         3
 Summon Guardian Golem    Hex/Summ       0%         N/A       90%         3
 Swiftness                Air            0%         N/A       90%         3
 Tukima's Dance           Hex            0%         N/A       90%         3
 Vampiric Draining        Necr           0%         2d6       90%         3
 Fulminant Prism          Conj/Hex       0%         3d6       100%        4
 Ice Form                 Ice/Tmut       0%         N/A       100%        4
 Iskenderun's Mystic Bla  Conj/Tloc      0%         2d3       100%        4
 Leda's Liquefaction      Hex/Erth       0%         N/A       100%        4
 Passage of Golubria      Tloc           N/A        N/A       100%        4
 Summon Ice Beast         Ice/Summ       0%         N/A       100%        4
 Bolt of Magma            Conj/Fire/Erth 0%         4d4       100%        5
 Manifold Assault         Tloc           0%         N/A       100%        5
 Silence                  Hex/Air        0%         N/A       100%        5
 Summon Forest            Summ/Tloc      0%         N/A       100%        5
 Yara's Violent Unravell  Hex/Tmut       0%         3d3       100%        5
 Invisibility             Hex            0%         N/A       100%        6
 Starburst                Conj/Fire      0%         8x6d3     100%        6
 Statue Form              Tmut/Erth      0%         N/A       100%        6
 Storm Form               Tmut/Air       0%         N/A       100%        7
 Summon Hydra             Summ           0%         N/A       100%        7
 Lehudib's Crystal Spear  Conj/Erth      0%         10d2      100%        8


Dungeon Overview and Level Annotations

Branches:
Dungeon (15/15)            Temple (1/1) D:5            Lair (6/6) D:9
 Shoals (0/4) Lair:3       Spider (0/4) Lair:3        Slime (0/5) Lair:6
    Orc (2/2) D:10            Elf (0/3) Orc:2        Vaults (0/5) D:14
 Depths (0/5) D:15         Bailey (visited)         Volcano (visited)

Altars:
Ashenzari
Cheibriados
Dithmenos
Elyvilon
Fedhas
Gozag
Hepliaklqana
Kikubaaqudgha
Makhleb
Nemelex Xobeh
Okawaru
Qazlal
Ru
Sif Muna
Trog
Uskayaw
Vehumet
Wu Jian
Xom
Yredelemnul
Zin
The Shining One

Shops:
D:11 *   D:12 **   D:13 *(   Orc:1 ?

Annotations:
D:8 2 transporters, stickyfingers's ghost, novice BaCK
Lair:1 exclusion: hydra
Orc:2 Saint Roka


Innate Abilities, Weirdness & Mutations

You have razor-sharp teeth.
Your natural rate of healing is unusually fast.
When hurt, damage is shared between your health and your magic reserves.
Your bite disrupts and absorbs the magic of your enemies.
Potions cannot restore your health.


Message History

The orc knight hits Saint Roka with a +0 long sword.
The orc hits Saint Roka with a +0 dagger.
The orc hits Saint Roka but does no damage.
You slash the orc!
You kill the orc!
The Council accepts your kill.
Saint Roka barely misses the orc.
You block the orc warrior's attack.
Saint Roka calls down the wrath of Beogh upon you.
Beogh smites you!
The orc warrior hits Saint Roka with a +0 short sword!!
You completely miss the orc warrior. Your bite misses the orc warrior.
You hear a shout!
The orc barely misses Saint Roka.
The orc knight roars a battlecry!
The orcs go into a battle-frenzy!
The orc hits Saint Roka but does no damage.
The orc suddenly cheers, as Orcs often do.
Saint Roka misses the orc warrior.
The orc completely misses you.
You riposte.
You slice the orc!!
You kill the orc!
The Council accepts your kill.
The orc warrior hits you with a +0 dire flail!
Saint Roka mumbles some strange prayers to Beogh against you.
Beogh smites you!
You spin and attack the orc knight.
You completely miss the orc knight.
The orc knight is moderately wounded.
You spin and attack the orc warrior.
You barely miss the orc warrior. Your bite misses the orc warrior.
The orc warrior is severely wounded.
The orc knight misses you.
You riposte.
You slice the orc knight!! Your bite misses the orc knight.
The orc knight is severely wounded.
Something hits Saint Roka.
Something hits Saint Roka but does no damage.
The orc warrior completely misses you.
Saint Roka closely misses the orc warrior.
The orc warrior hits you with a +0 battleaxe!!
* * * LOW HITPOINT WARNING * * *
Saint Roka hits you from afar with a +1 halberd of protection!!!
You die...

## ## ##### ### ##
#.$#.##.).####.## .##
.......<[..#....## ..# #
.......[†........##.##.##
.........☼§§§§☼§.#......#
........§§o#§☼☼§........#
<..$....☼Oo@o§§§....#....#
.............§oooo§☼§.........##
o............§oo§§§§§......#...#
.............ooo§☼☼§.......##...
.......$..................#>...#
#.....#...oooo.................#
#..........o...................
##.......o.o......[.............
#8......oo.....#................


You could see Saint Roka (strong), an orc knight (strong), 4 orc warriors, an
ogre, 2 orcs and the friendly Saint Roka (summoned, drained).

Vanquished Creatures
  2 fire giants
  2 frost giants (D:12)
  Nessos (Orc:2)
  5 dire elephants (Lair:6)
  3 ogre magi
  A boulder beetle (D:14)
  10 hydras
  A catoblepas (Lair:2)
  4 centaur warriors
  2 death knights (D:14)
  A vampire mage (D:15)
  Erica (D:11)
  12 two-headed ogres
  8 death yaks
  5 tengu warriors
  A spectral dire elephant (Lair:6)
  An orc high priest (Orc:1)
  A sun demon (Volcano)
  5 skeletal warriors
  An obsidian statue (Lair:6)
  A spectral anaconda (Lair:6)
  A spark wasp zombie (D:15)
  A golden dragon zombie (D:15)
  A lindwurm (Lair:4)
  5 necromancers
  A deep elf zephyrmancer (D:15)
  5 orc sorcerers
  7 cyclopes
  2 deep elf pyromancers
  11 ugly things
  A fire giant zombie (D:15)
  7 manticores
  17 elephants
  6 black mambas
  2 dire elephant skeletons (Lair:6)
  A gargoyle (D:14)
  Maurice (D:13)
  15 cane toads
  3 torpor snails
  4 freezing wraiths (D:14)
  4 rime drakes
  8 komodo dragons
  A tengu conjurer (D:12)
  2 red devils (Volcano)
  6 trolls
  A demonic crawler (Lair:3)
  A spriggan skeleton (D:15)
  4 meliai
  4 polar bears
  2 hornets (D:9)
  9 slime creatures
  A spectral elephant (Lair:6)
  8 blink frogs (Lair:4)
  8 dream sheep
  A wraith (D:12)
  A shadow (D:12)
  41 yaks
  4 wyverns
  2 steam dragons (D:8)
  A water elemental (D:15)
  6 vampire mosquitoes
  9 basilisks
  3 wargs (Orc:2)
  A spectral cane toad (Lair:6)
  3 acid dragons
  14 water moccasins
  5 hell hounds
  15 orc warriors
  2 sky beasts
  A black bear (Lair:2)
  9 wolves
  7 centaurs
  9 ogres
  A boggart (D:12)
  A phantom (D:6)
  10 kobold brigands
  6 bullfrogs
  12 gnoll sergeants
  13 scorpions
  A water moccasin zombie (D:6)
  7 killer bees
  3 wights
  4 howler monkeys
  2 electric eels
  A lava snake (D:14)
  3 bullfrog zombies
  2 jellies (Lair:6)
  6 centaur zombies
  7 orc priests
  7 hounds
  Crazy Yiuf (D:5)
  A bullfrog skeleton (D:5)
  7 gnoll shamans
  2 centaur skeletons
  3 iguanas
  14 orc wizards
  2 howler monkey zombies
  26 gnolls
  5 adders
  A white imp (D:8)
  2 ufetubi
  An adder skeleton (D:4)
  3 worms
  A dart slug (D:3)
  51 orcs
  11 bats
  6 endoplasms
  6 giant cockroaches
  5 goblins
  7 hobgoblins
  3 quokkas
  8 ball pythons
  A frilled lizard (D:1)
  13 kobolds
  3 rats (D:1)
  A butterfly (Lair:6)
622 creatures vanquished.

Vanquished Creatures (collateral kills)
  A hydra (D:14)
  2 tengu warriors (D:14)
  3 skeletal warriors (D:14)
  3 elephants
  An orc warrior (Orc:2)
10 creatures vanquished.

Vanquished Creatures (others)
  An elephant (Lair:6)
  A rime drake (Lair:6)
  24 fungi
  25 plants
  4 toadstools (D:11)
  26 withered plants (Lair:6)
81 creatures vanquished.

Grand Total: 713 creatures vanquished

Notes
Turn   | Place    | Note
-------+----------+-------------------------------------------
     0 | D:1      | Lochraine the Vine Stalker Gladiator began the quest for
                  | the Orb.
     0 | D:1      | Reached XP level 1. HP: 11/11 MP: 2/2
    57 | D:1      | Reached XP level 2. HP: 15/15 MP: 3/3
   686 | D:1      | Reached XP level 3. HP: 18/18 MP: 4/4
  2191 | D:3      | Gained mutation: Your natural rate of healing is unusually
                  | fast. [Vine Stalker growth]
  2191 | D:3      | Reached XP level 4. HP: 18/23 MP: 2/5
  2669 | D:4      | Noticed an ogre
  2723 | D:4      | Noticed a scorpion
  2735 | D:4      | Killed a scorpion
  2736 | D:4      | Reached skill level 1 in Stealth
  2736 | D:4      | Reached XP level 5. HP: 12/28 MP: 3/6
  2983 | D:4      | Reached skill level 2 in Stealth
  3024 | D:4      | Killed an ogre
  3025 | D:4      | Reached XP level 6. HP: 32/32 MP: 7/7
  3126 | D:4      | Reached skill level 3 in Stealth
  3211 | D:5      | Entered Level 5 of the Dungeon
  3211 | D:5      | Found a staircase to the Ecumenical Temple.
  3245 | Temple   | Entered the Ecumenical Temple
  3502 | Temple   | Became a worshipper of the Wu Jian Council
  3781 | D:5      | Reached XP level 7. HP: 37/37 MP: 8/8
  3958 | D:5      | Found a basalt altar of Yredelemnul.
  4090 | D:5      | Found a runed translucent door.
  4091 | D:5      | Noticed Crazy Yiuf
  4098 | D:5      | Killed Crazy Yiuf
  4230 | D:6      | Identified the +8 falchion of Distraction {vorpal, rPois
                  | rF+ Will- Dex+9}
  4244 | D:6      | Reached skill level 4 in Stealth
  4313 | D:6      | Gained mutation: You have razor-sharp teeth. [Vine Stalker
                  | growth]
  4313 | D:6      | Reached XP level 8. HP: 42/42 MP: 9/9
  4514 | D:6      | Reached skill level 5 in Long Blades
  4514 | D:6      | Reached skill level 5 in Stealth
  4998 | D:7      | Reached * piety under Wu Jian
  5054 | D:7      | Reached skill level 5 in Fighting
  5054 | D:7      | Reached skill level 5 in Dodging
  5058 | D:7      | Reached skill level 6 in Stealth
  5123 | D:7      | Found a flagged portal.
  5132 | Bailey   | Entered a bailey
  5177 | Bailey   | Reached XP level 9. HP: 16/47 MP: 7/10
  5238 | Bailey   | Reached skill level 7 in Stealth
  5253 | Bailey   | Reached ** piety under Wu Jian
  5710 | D:7      | Reached skill level 1 in Evocations
  5961 | D:8      | Found a transporter.
  5964 | D:8      | Noticed a hornet
  5965 | D:8      | Noticed stickyfingers's ghost (novice BaCK)
  5980 | D:8      | Noticed a moth of wrath
  6030 | D:8      | Reached skill level 8 in Stealth
  6040 | D:8      | Noticed a two-headed ogre
  6084 | D:8      | Killed a two-headed ogre
  6085 | D:8      | Reached XP level 10. HP: 25/53 MP: 6/11
  6168 | D:8      | Found a transporter.
  6441 | D:8      | Reached *** piety under Wu Jian
  6447 | D:8      | Reached skill level 1 in Shields
  6793 | D:9      | Noticed a two-headed ogre
  6808 | D:9      | Reached skill level 9 in Stealth
  6811 | D:9      | Killed a two-headed ogre
  6879 | D:9      | Found a staircase to the Lair.
  7218 | D:9      | Noticed a two-headed ogre
  7224 | D:9      | Killed a two-headed ogre
  7225 | D:9      | Reached XP level 11. HP: 30/58 MP: 10/12
  7248 | D:9      | Reached **** piety under Wu Jian
  7289 | D:9      | Identified the +3 robe of New Discoveries {rPois Will+
                  | Str-4 Stlth+}
  7593 | Lair:1   | Entered Level 1 of the Lair of Beasts
  7596 | Lair:1   | Reached skill level 10 in Stealth
  7756 | Lair:1   | Noticed a seven-headed hydra
  7962 | Lair:1   | Reached skill level 5 in Evocations
  8467 | Lair:2   | Noticed an eight-headed hydra
  8486 | Lair:2   | Reached XP level 12. HP: 30/65 MP: 13/13
  8534 | Lair:2   | Noticed a five-headed hydra
  8555 | Lair:2   | Killed a five-headed hydra
  8556 | Lair:2   | Reached skill level 11 in Stealth
  8577 | Lair:2   | Killed a nine-headed hydra
  8617 | Lair:2   | Reached ***** piety under Wu Jian
  9320 | Lair:2   | Noticed a catoblepas
  9333 | Lair:2   | Killed a catoblepas
  9658 | Lair:3   | Found a staircase to the Shoals.
  9659 | Lair:3   | Noticed a death yak
  9660 | Lair:3   | Noticed a death yak
  9662 | Lair:3   | Noticed a death yak
  9693 | Lair:3   | Killed a death yak
  9707 | Lair:3   | Killed a death yak
  9708 | Lair:3   | Reached skill level 12 in Stealth
  9715 | Lair:3   | Killed a death yak
  9960 | Lair:3   | Found a hole to the Spider Nest.
  9970 | Lair:3   | Reached XP level 13. HP: 70/70 MP: 14/14
 10601 | Lair:4   | Reached skill level 10 in Long Blades
 11212 | Lair:5   | Reached skill level 13 in Stealth
 11312 | Lair:5   | Found a frozen archway.
 11380 | Lair:5   | Reached skill level 10 in Fighting
 11602 | Lair:5   | Identified the +0 chain mail "Jeki" {Str+4 Int+6}
 12168 | Lair:6   | Entered Level 6 of the Lair of Beasts
 12201 | Lair:6   | Reached XP level 14. HP: 61/77 MP: 12/15
 12679 | Lair:6   | Found a staircase to the Slime Pits.
 12908 | Lair:6   | Noticed a dire elephant
 12908 | Lair:6   | Noticed a dire elephant
 12908 | Lair:6   | Noticed a dire elephant
 13035 | Lair:6   | Identified the ring "Huledui" {rC+ Str+2}
 13035 | Lair:6   | Noticed a dire elephant
 13041 | Lair:6   | Noticed a dire elephant
 13064 | Lair:6   | Killed a dire elephant
 13176 | Lair:6   | Reached skill level 10 in Dodging
 13487 | Lair:6   | Killed a dire elephant
 13488 | Lair:6   | Reached skill level 14 in Stealth
 13551 | Lair:6   | Killed a dire elephant
 13657 | Lair:6   | Killed a dire elephant
 13728 | Lair:6   | Killed a dire elephant
 14532 | D:10     | Entered Level 10 of the Dungeon
 14599 | D:10     | Reached ****** piety under Wu Jian
 14646 | D:10     | Found a burning altar of Makhleb.
 14707 | D:10     | Found a shimmering altar of Xom.
 14905 | D:10     | Found a staircase to the Orcish Mines.
 15218 | D:11     | Noticed Erica
 15226 | D:11     | Killed Erica
 16023 | D:11     | Found Tuczomod's Assorted Antiques.
 16026 | D:11     | Reached XP level 15. HP: 70/82 MP: 13/16
 16043 | D:11     | Bought a peridot ring for 125 gold pieces
 16186 | D:12     | Found Ucwurch's Assorted Antiques.
 16456 | D:12     | Found Kunwuen's General Store.
 16464 | D:12     | Bought a scroll of teleportation for 48 gold pieces
 16564 | D:12     | Found a runed translucent door.
 16566 | D:12     | Noticed a fire giant
 16570 | D:12     | Killed a fire giant
 16587 | D:12     | Noticed a frost giant
 16587 | D:12     | Noticed a frost giant
 16588 | D:12     | Killed a frost giant
 16598 | D:12     | Killed a frost giant
 16909 | D:13     | Reached skill level 15 in Stealth
 16913 | D:13     | Found Dyhoonut's Assorted Antiques.
 16918 | D:13     | Bought a scroll labelled BUURRU HIRUU for 26 gold pieces
 16918 | D:13     | Acquired the ring "Disyliemum" {rElec rN+}
 17119 | D:13     | Noticed Maurice
 17125 | D:13     | Killed Maurice
 17140 | D:13     | Identified the ring of Usum {Ice rN+}
 17254 | D:13     | Found Wahiuschargho's Weapon Boutique.
 17418 | D:13     | Identified the +0 helmet of Fortitude {Str+5 Stlth-}
 17983 | D:14     | Reached skill level 10 in Evocations
 18249 | D:14     | Paralysed by an ogre mage for 2 turns
 18587 | D:14     | Found a gate to the Vaults.
 18966 | D:14     | Reached XP level 16. HP: 43/88 MP: 15/17
 19421 | D:15     | Entered Level 15 of the Dungeon
 19446 | D:15     | Found a runed translucent door.
 19450 | D:15     | Found the ring of the Octopus King
 19555 | D:15     | Reached skill level 1 in Armour
 19650 | D:15     | Found a staircase to the Depths.
 20349 | D:15     | Got the Tome of Heat and Illusion
 20358 | D:15     | Identified a ring of the Octopus King {rCorr AC+1 EV+1
                  | Str+1 Int+1 Dex+1}
 20510 | Orc:1    | Entered Level 1 of the Orcish Mines
 20510 | Orc:1    | Found a bloodstained altar of Trog.
 20565 | Orc:1    | Found Ixuciad's Magic Scroll Boutique.
 20871 | Orc:1    | Found a dark tunnel.
 20882 | Volcano  | Entered a volcano
 21192 | Orc:2    | Entered Level 2 of the Orcish Mines
 21214 | Orc:2    | Noticed Nessos
 21314 | Orc:2    | Found a staircase to the Elven Halls.
 21337 | Orc:2    | Killed Nessos
 21375 | Orc:2    | Noticed Saint Roka
 21436 | Orc:2    | Demolished by Saint Roka

Illustrated notes

Levels and vault maps discovered:
D:1:      minmay_arrival_five_plusses, layout_loops_ring
D:2:      layout_rooms
D:3:      layout_basic
D:4:      layout_cave_pools
D:5:      layout_basic, kennysheep_mini_moat,
          minmay_temple_entry_statues_pillars, uniq_crazy_yiuf_cottage
D:6:      layout_rooms, grunt_ministairs_13
D:7:      old_forge, layout_rooms, serial_bayou, serial_bayou_pond_d,
          serial_bayou_shore_b, serial_bayou_pond_b, serial_bayou_lagoon_a,
          enter_bailey_2
D:8:      layout_gridville, gammafunk_ghost_berserking_beasts, minivault_24,
          minmay_fractal_squares_gapless_5
D:9:      layout_irregular_city, david_lair_shrubbed, minivault_14, st_stairs_6,
          minmay_alternating_orb
D:10:     layout_roguey, kennysheep_orc_monster_closet_entryway,
          hangedman_feature_mirror, dk_rats_in_the_wall
D:11:     layout_stronghold, minmay_gold_behind_fungi, kennysheep_small_square,
          uniq_erica
D:12:     layout_irregular_city, serial_shops, nicolae_shop_crystal,
          nicolae_shop_stone, minivault_13
D:13:     layout_loops_corners, serial_shops, shop, kennysheep_little_box,
          uniq_maurice
D:14:     cheibrodos_ideogram_h, layout_basic, david_vaults_2, chequers_jeans,
          kennysheep_crisscross
D:15:     gammafunk_depths_entry_grave, layout_long_grid, minivault_14,
          minmay_st_funbox
Temple:   compressed_dpeg_triangle_lava_temple
Lair:1:   layout_regular_city, infiniplex_staircase_pool_2
Lair:2:   layout_gridlike, hibernation_bobbens
Lair:3:   layout_regular_city, minmay_shoals_entry_centaurs,
          nicolae_spider_entry_non_spiders, lemuel_fruit_fields
Lair:4:   layout_hall_layers
Lair:5:   layout_hall_layers, portal_ice_cave_rime
Lair:6:   due_jungle_book, layout_regular_city, nicolae_slime_entry_slimehenge,
          grunt_megastairs_3, lemuel_fruit_fields
Orc:1:    layout_caves, enter_volcano_3, serial_shops, shop, trog_butcher_becter
Orc:2:    st_orc_congregation, layout_caves, serial_shops,
          nicolae_shop_waterfront, minmay_orc_temple_b, uniq_saint_roka,
          uniq_nessos, uniq_rupert

Skill      XL: |  1  2  3  4  5  6  7  8  9 10 11 12 13 14 15 16 |
---------------+-------------------------------------------------+-----
Fighting       | 2 3 4 5 6 7 8 9 10 11 12 | 12.4
Long Blades    | 3 4 5 7 8 9 10 11 12 | 12.6
Dodging        | 3 4 5 6 7 8 9 10 11 | 11.6
Stealth        | 1 2 3 4 6 8 9 10 12 13 14 15 | 15.7
Evocations     | 2 4 5 6 8 9 10 | 10.4
Shields        | 2 4 |  4.0
Armour         | 4 |  4.7
Throwing       | |  1.7

Action                   |  1- 3 |  4- 6 |  7- 9 | 10-12 | 13-15 | 16-18 || total
-------------------------+-------+-------+-------+-------+-------+-------++-------
Melee: Long sword        |    77 |    54 |       |       |       |       ||   131
       Bite              |    17 |    39 |   125 |   312 |   691 |   237 ||  1421
       Short sword       |       |    45 |    26 |    15 |   218 |     2 ||   306
       Falchion          |       |       |   206 |   455 |   796 |   354 ||  1811
Throw: Throwing net      |     1 |     2 |       |     2 |     2 |       ||     7
Invok: Lunge             |       |     4 |    39 |    30 |    86 |    31 ||   190
       Whirlwind         |       |       |    25 |    24 |    14 |    26 ||    89
       Serpent's Lash    |       |       |       |     1 |     7 |     2 ||    10
       Heavenly Storm    |       |       |       |       |     1 |     2 ||     3
 Abil: Wall Jump         |       |       |       |     8 |     4 |       ||    12
Evoke: Wand              |       |       |       |     2 |     8 |     5 ||    15
       Phantom mirror    |       |       |       |     1 |     2 |     1 ||     4
       Box of beasts     |       |       |       |       |     3 |       ||     3
       Phial of floods   |       |       |       |       |     1 |     1 ||     2
       Piece from Xom's  |       |       |       |       |     1 |       ||     1
  Use: Scroll            |       |       |    10 |     2 |    20 |     4 ||    36
       Potion            |       |       |     1 |     1 |     1 |       ||     3
 Stab: Sleeping          |     2 |     2 |    19 |    25 |    59 |    16 ||   123
       Distracted        |       |       |       |     2 |     8 |     2 ||    12
       Paralysed         |       |       |       |     2 |       |       ||     2
       Held in net/web   |       |       |       |       |     4 |       ||     4
Armor: Leather armour    |    18 |    22 |    74 |    94 |   184 |    13 ||   405
       Ring mail         |       |       |       |       |       |     9 ||     9
Dodge: Dodged            |    61 |    61 |   177 |   257 |   595 |   179 ||  1330
Block: Buckler           |       |       |       |   149 |   377 |    91 ||   617
       Rpst.: Long sword |    18 |    11 |       |       |       |       ||    29
       Falchion          |       |       |    26 |    80 |   108 |    42 ||   256
